 Dungeon Crawl Stone Soup version 0.28-a0-1567-g1695149f81 (webtiles) character file.

Game seed: 9189515571336927330

9 comborobin the Skirmisher (level 2, -2/21 HPs)
             Began as an Octopode Cinder Acolyte on Jan 20, 2022.
             Was a High Priest of Ignis.
             Slain by a goblin (6 damage)
             ... led by Robin
             ... on level 2 of the Dungeon.
             The game lasted 00:00:19 (680 turns).

comborobin the Skirmisher (Octopode Cinder Acolyte)  Turns: 680, Time: 00:00:19

Health: -2/21      AC:  1    Str: 13    XL:     2   Next: 16%
Magic:  3/3        EV: 12    Int: 16    God:    Ignis [*****.]
Gold:   35         SH:  0    Dex:  7    Spells: 3/3 levels left

rFire   + . .      SeeInvis .     - Unarmed
rCold   . . .      Faith    .   (no shield)
rNeg    . . .      Spirit   .   (helmet restricted)
rPois   .          Reflect  .   (no amulet)
rElec   .          Harm     .   b - ring of resist corrosion
rCorr   +          Rampage  .   (no ring)
Will    .....                   (no ring)
Stlth   ++........              (no ring)
HPRegen 0.07/turn               (no ring)
MPRegen 0.08/turn               (no ring)
                                (no ring)
                                (no ring)

@: no status effects
A: almost no armour, amphibious, 8 rings, camouflage 1, gelatinous body 1,
(nimble swimmer 1), tentacles
a: Renounce Religion, Fiery Armour, Foxfire Swarm, Rising Flame


You were on level 2 of the Dungeon.
You worshipped Ignis.
Ignis was extremely pleased with you.
You visited 1 branch of the dungeon, and saw 2 of its levels.

You collected 35 gold pieces.

Inventory:

Jewellery
 b - a ring of resist corrosion (left tentacle)
Scrolls
 a - a scroll of torment {unknown}


   Skills:
 + Level 3.2 Fighting
 + Level 0.8 Dodging
 + Level 3.2 Unarmed Combat
 - Level 1.0 Spellcasting
 - Level 3.0 Fire Magic


You had 3 spell levels left.
You didn't know any spells.
Your spell library contained the following spells:

 Spells                   Type           Power      Damage    Failure   Level
 Scorch                   Fire           20%        2d6       10%         2
 Magic Dart               Conj           0%         1d3       22%         1
 Searing Ray              Conj           0%         2d4       34%         2
 Fulminant Prism          Conj/Hex       0%         3d6       92%         4


Dungeon Overview and Level Annotations

Branches:
Dungeon (2/15)

Altars:

Annotations:
D:2 Robin


Innate Abilities, Weirdness & Mutations

You cannot wear most types of armour.
You are amphibious.
You can wear up to eight rings at the same time.
Your skin changes colour to match your surroundings (Stealth+).
Your rubbery body absorbs attacks. (AC +1, EV +1)
((You are camouflaged when in or above water. (Stealth+)))
You have tentacles for arms and can constrict up to eight enemies at once.


Message History

You start waiting.
A goblin comes into view. It is wielding a +0 club.
A goblin is nearby!
A goblin is nearby! 2 goblins come into view.
The goblin shouts!
You hear an angry hiss.
A goblin comes into view. It is wielding a +0 club.
The goblin shouts! x2
Robin of the Strong Arm comes into view.
They are wielding a +0 dagger.
A goblin and a hobgoblin come into view.
Robin shouts!
The goblin shouts!
Robin roars a battlecry!
The goblins go into a battle-frenzy!
A goblin comes into view. It is wielding a +0 club.
The goblin shouts!
You hear a shout!
The goblin hits you with a +0 club.
You bludgeon the goblin!
You kill the goblin!
You have reached level 2!
Robin throws the goblin at you! The goblin hits you with a +0 dagger.
You tentacle-slap the goblin.
You kill the goblin!
A ball python comes into view.
A goblin comes into view. It is wielding a +0 club.
Robin throws the goblin at you! The goblin hits you with a +0 club.
You barely miss the goblin. You grab the goblin. You squeeze the goblin.
The goblin is almost dead.
You constrict the goblin.
You kill the goblin!
A goblin comes into view. It is wielding a +0 dagger.
The goblin hits you with a +0 club.
* * * LOW HITPOINT WARNING * * *
Things that are here:
a +0 club; a +0 dagger; a goblin corpse Unknown command.
Robin throws the goblin at you!
* * * LOW HITPOINT WARNING * * *
The goblin hits you with a +0 club.
You die...

#.# .... .... ....
####..# ....#
#.#S#######...#.#.# #.#.#
#gg.g)gg)@g.......#
.#.#.#.###g#######...#.##
.#.#.#.# #.........#
.#.#.#.# #.####....#
.#.#.#.# #.#.##....#
.#.#.#.# #...##....#
.#.#.#.# #.###.##....#
.#<..#.###.....)#....#
##.#.......###..#.....


You could see Robin, a hobgoblin (strong), 4 goblins and a ball python.

Vanquished Creatures
  A bat (D:2)
  An endoplasm (D:1)
  4 goblins (D:2)
  A kobold (D:2)
  A rat (D:1)
8 creatures vanquished.

Notes
Turn   | Place    | Note
-------+----------+-------------------------------------------
     0 | D:1      | comborobin the Octopode Cinder Acolyte began the quest for
                  | the Orb.
     0 | D:1      | Reached XP level 1. HP: 16/16 MP: 2/2
   671 | D:2      | Noticed Robin
   676 | D:2      | Reached XP level 2. HP: 16/21 MP: 3/3
   680 | D:2      | Slain by a goblin

Illustrated notes

Levels and vault maps discovered:
D:1:      psy_arrival_dodecagon, layout_loops_corners, kennysheep_minor_cross
D:2:      layout_basic, serial_shops, shop, hellmonk_ecumenical_altar_run_dry,
          uniq_robin

Action                   || total
-------------------------++-------
Melee: Unarmed           ||    21
       Constrict         ||     4
       Tentacles         ||     3
       Punch             ||     1
 Stab: Sleeping          ||     1
Armor: Skin              ||     2
Dodge: Dodged            ||     8

Table legend: (Time is in decaauts)
 A = Elapsed time spent in this place.
 B = Non-inter-level travel time spent in this place.
 C = Inter-level travel time spent in this place.
 D = Time resting spent in this place.
 E = Time spent auto-exploring this place.
 F = Levels seen in this place.
 G = Mean time per level.
                   A        B        C        D        E       F      G
               +--------+--------+--------+--------+--------+-----+--------+
         Total |    677 |    677 |      0 |    289 |    330 |   2 |  338.5 |
       Dungeon |    677 |    677 |      0 |    289 |    330 |   2 |  338.5 |
               +--------+--------+--------+--------+--------+-----+--------+

Top non-repeatable levels by time:
     D:2: 478 daAuts
     D:1: 199 daAuts
